Map: Para Site LE

Players

Yocto

  • Race: Zerg Zerg
  • League: Platinum
  • Spawn Location: 11:00

ClockWise - Winner!

  • Race: Zerg Zerg
  • League: Platinum
  • Spawn Location: 5:00

VOD

Have the link to the VOD?

Description

Time

  • Played on: Dec. 23, 2018, 5:07 a.m.
  • Length: 13:52
Show
View Real Time Build Order
Export as new Build Order

Yocto Zerg 

Build Orders: Hatch First 

Get SALT Encoding   

  12  0:02  Drone  
  13  0:15  Overlord  
  13  0:17  Drone  
  14  0:35  Drone x2  
  16  0:38  Drone  
  17  0:53  Hatchery  
  17  0:56  Drone  
  17  1:03  Extractor  
  16  1:05  Drone  
  17  1:16  Spawning Pool  
  16  1:19  Drone  
  16  1:22  Drone  
  18  1:34  Drone  
  19  1:45  Overlord  
  19  1:59  Drone  
  20  2:04  Queen  
  20  2:06  Queen  
  24  2:10  Drone x2  
  24  2:12  Metabolic Boost  
  26  2:17  Zergling x4  
  28  2:26  Drone  
  29  2:36  Drone x2  
  31  2:43  Overlord  
  31  2:45  Queen  
  31  2:48  Lair  
  33  2:58  Drone x3  
  36  3:07  Drone  
  37  3:17  Drone  
  37  3:18  Drone x4  
  42  3:27  Extractor  
  41  3:37  Drone x3  
  44  3:42  Overlord x2  
  44  3:54  Extractor  
  44  3:55  Extractor  
  42  3:58  Overlord x2  
  42  3:59  Baneling Nest  
  40  4:12  Spire  
  39  4:22  Drone x2  
  39  4:23  Drone x7  
  39  4:24  Drone  
  49  4:31  Hatchery, Zergling x4  
  49  4:38  Zergling x2  
  51  4:43  Zergling x2  
  51  4:44  Spine Crawler  
  51  4:48  Zergling x8  
  55  4:56  Evolution Chamber  
  55  4:58  Baneling x4  
  54  5:07  Spine Crawler  
  54  5:08  Drone x4  
  57  5:24  Queen  
  59  5:29  Mutalisk x3  
  59  5:30  Mutalisk x3  
  71  5:42  Zerg Melee Weapons Level 1  
  71  5:45  Queen  
  71  5:47  Drone x2  
  71  5:48  Drone x3  
  78  5:52  Overlord  
  78  5:54  Overlord  
  74  6:20  Zergling x2  
  74  6:21  Zergling x16  
  73  6:27  Queen  
  66  6:45  Mutalisk x6  
  58  7:12  Spire  
  57  7:18  Drone x6  
  57  7:19  Queen  
  65  7:29  Drone  
  52  7:58  Drone x3  
  52  7:59  Drone x4  
  59  8:06  Queen  
  59  8:08  Drone  
  59  8:10  Drone  
  63  8:33  Drone x4  
  65  8:40  Drone  
  63  8:47  Baneling  
  63  8:48  Baneling x5  
  63  8:59  Drone x2  
  63  9:00  Drone x3  
  68  9:19  Queen  
  69  9:37  Overlord  
  69  9:40  Zergling x4  
  69  9:41  Zergling x10  
  75  10:00  Hatchery  
  75  10:03  Zergling x8  
  76  10:20  Baneling x4  
  76  10:22  Hatchery, Baneling  
  76  10:23  Baneling x4  
  76  10:24  Zergling x2  
  76  10:25  Zergling x10  
  81  10:35  Zergling x8  
  84  10:36  Zergling x2  
  84  10:42  Baneling x4  
  72  11:01  Spire  
  71  11:12  Queen  
  71  11:14  Drone x2  
  71  11:15  Drone x6  
  80  11:27  Drone x6  
  76  11:40  Drone x3  
  76  11:41  Drone x3  
  82  11:50  Queen  
  84  11:55  Spore Crawler  
  84  11:56  Spore Crawler  
  82  12:02  Spore Crawler  
  82  12:03  Spore Crawler  
  82  12:06  Centrifical Hooks  
  82  12:08  Baneling x2  
  80  12:13  Extractor x2  
  80  12:14  Drone  
  80  12:15  Drone x8  
  86  12:16  Drone  
  88  12:23  Extractor  
  88  12:24  Extractor, Drone x2  
  88  12:25  Drone x6  
  94  12:30  Queen  
  96  12:37  Overlord x4  
  96  12:38  Overlord x2  
  95  12:48  Zergling x4  
  95  12:51  Baneling  
  81  13:10  Spore Crawler  
  81  13:11  Spore Crawler  
  81  13:12  Spore Crawler, Mutalisk  
  72  13:13  Mutalisk x9  
  81  13:22  Spore Crawler  
  81  13:25  Spore Crawler  
  73  13:32  Zergling x2  
  73  13:33  Zergling x26  
Show
View Real Time Build Order
Export as new Build Order

ClockWise Zerg - Winner!

Build Orders: Hatch First 

Get SALT Encoding   

  12  0:01  Drone  
  13  0:12  Overlord  
  13  0:18  Drone  
  14  0:31  Drone x2  
  16  0:52  Hatchery  
  16  0:55  Drone  
  16  0:59  Drone  
  16  1:02  Drone  
  18  1:06  Extractor  
  17  1:22  Spawning Pool  
  16  1:31  Drone  
  17  1:33  Drone x2  
  19  1:42  Drone  
  20  1:52  Overlord  
  20  2:08  Queen  
  20  2:09  Queen  
  20  2:10  Zergling x2  
  20  2:12  Zergling x2  
  26  2:20  Metabolic Boost  
  26  2:32  Roach Warren  
  26  2:33  Drone x2  
  27  2:41  Drone x2  
  27  2:43  Drone  
  30  2:53  Overlord, Drone  
  31  2:59  Drone  
  31  3:00  Evolution Chamber  
  30  3:11  Zergling x4  
  32  3:23  Drone  
  32  3:24  Drone x3  
  32  3:25  Overlord x2  
  35  3:33  Zerg Missile Weapons Level 1  
  35  3:40  Zergling x4  
  37  3:56  Roach x6  
  37  3:57  Extractor  
  46  4:10  Roach x2  
  50  4:26  Roach x2  
  54  4:33  Zergling x6  
  54  4:34  Overlord  
  54  4:37  Overlord  
  57  4:40  Roach  
  57  4:44  Overlord x2  
  59  5:01  Roach x6  
  71  5:12  Roach  
  71  5:13  Roach x2  
  77  5:15  Roach  
  79  5:37  Zergling x2  
  79  5:38  Zergling x6  
  83  5:45  Spore Crawler, Zerg Ground Armor Level 1  
  83  5:47  Spore Crawler, Drone x3  
  83  5:49  Overlord  
  78  6:26  Roach x7  
  83  6:36  Drone x4  
  77  6:51  Zergling x2  
  77  6:52  Zergling x6  
  65  7:03  Lair  
  57  7:09  Zergling x6  
  57  7:10  Zergling x6  
  55  7:46  Zergling x2  
  55  7:47  Zergling x20  
  54  7:55  Extractor  
  54  7:57  Extractor  
  46  7:59  Spore Crawler  
  46  8:02  Spore Crawler  
  46  8:03  Spire  
  43  8:09  Drone  
  43  8:10  Drone x2  
  39  8:40  Zergling x10  
  39  8:41  Zergling x10  
  45  8:47  Drone  
  46  9:02  Hatchery  
  45  9:16  Mutalisk x6  
  56  9:27  Mutalisk  
  56  9:28  Roach  
  59  9:38  Mutalisk x2  
  63  9:53  Mutalisk x3  
  61  10:11  Mutalisk x2  
  65  10:15  Queen  
  65  10:16  Drone x5  
  65  10:17  Drone  
  73  10:32  Mutalisk x2  
  65  10:50  Mutalisk x2  
  65  10:56  Extractor  
  68  10:58  Extractor  
  68  11:02  Mutalisk  
  68  11:03  Mutalisk  
  70  11:11  Zergling x14  
  70  11:12  Zergling x10  
  81  11:38  Drone x6  
  81  11:39  Drone x6  
  89  12:20  Overlord x2  
  89  12:29  Overlord  
  89  12:30  Overlord  
  81  12:55  Mutalisk x11  
  81  12:56  Mutalisk x2  
  105  12:58  Zergling x2  
  105  12:59  Zergling x6  
  109  13:16  Zergling x2  
  109  13:17  Zergling x22  
Tags
 
Matchup
ZvZ
Race
Zerg
Replay Pack
Yocto
Spawn Locations
Cross Positions
Add a new tag
Caveats
  • Supply blocks, unpowered buildings, or Contaminate may cause inaccurate times.
  • Supply counts are checked every 10 seconds.